 Dungeon Crawl Stone Soup version 0.31-b1-18-g61460d1e46 (webtiles) character file.

Game seed: 15291546519331445785

18303 gregwegmann the Grappler (level 12, -17/118 HPs)
             Began as a Troll Fighter on Jan 16, 2024.
             Was a High Priest of Makhleb.
             Demolished by a komodo dragon (29 damage)
             ... on level 2 of the Lair of Beasts.
             The game lasted 00:13:11 (13036 turns).

gregwegmann the Grappler (Troll Fighter)           Turns: 13036, Time: 00:13:11

Health: -17/118    AC:  6    Str: 31    XL:     12   Next: 26%
Magic:  17/17      EV: 11    Int:  4    God:    Makhleb [*****.]
Gold:   163        SH:  8    Dex: 12    Spells: 11/11 levels left

rFire   . .          .
                       - Unarmed
rCold   x . .        b - +0 kite shield
rNeg    . . .        c - +0 troll leather armour
rPois   .            (helmet restricted)
rElec   .            h - +0 cloak
rCorr   .            (gloves unavailable)
SInv    .            (boots unavailable)
Will    ++...        i - amulet of faith
Stlth   ++           n - ring "Beteanol" {Fly rC- Will+ Dex+3 Stlth+}
HPRegen 1.99/turn    o - ring of willpower
MPRegen 0.15/turn

%: faith
@: lethally poisoned (-17 -> -28), flying
A: large, unfitting armour, claws 3, regeneration 1, shaggy fur 1, tough skin 1
a: Renounce Religion, Minor Destruction, Lesser Servant of Makhleb, Major
Destruction, Greater Servant of Makhleb


You were on level 2 of the Lair of Beasts.
You worshipped Makhleb.
Makhleb was extremely pleased with you.
You visited 2 branches of the dungeon, and saw 13 of its levels.

You collected 603 gold pieces.
You spent 440 gold pieces at shops.

Inventory:

Missiles
 B - 8 large rocks (quivered)
 K - a throwing net
Armour
 b - a +0 kite shield (worn)
 c - a +0 troll leather armour (worn)
 h - a +0 cloak (worn)
Jewellery
 i - an amulet of faith (around neck)
 n - the ring "Beteanol" (left claw) {Fly rC- Will+ Dex+3 Stlth+}
   (You found it on level 2 of the Dungeon)

   [ring of flight]

   Dex+3:     It affects your dexterity (+3).
   rC-:       It makes you vulnerable to cold.
   Will+:     It increases your willpower.
   Fly:       It grants you flight.
   Stlth+:    It makes you more stealthy.
 o - a ring of willpower (right claw)
 F - an amulet of reflection
 H - an amulet of guardian spirit
Wands
 l - a wand of flame (42)
 x - a wand of polymorph (5)
 z - a wand of roots (17)
 C - a wand of charming (18)
Scrolls
 d - 2 scrolls of noise {unknown}
 e - 3 scrolls of blinking
 f - 2 scrolls of butterflies {unknown}
 j - 4 scrolls of teleportation
 k - 2 scrolls of brand weapon {unknown}
 u - 4 scrolls of fear
 w - 3 scrolls of poison
 y - a scroll of torment
 D - 4 scrolls of enchant armour
Potions
 g - 3 potions of degeneration
 m - 4 potions of curing
 p - a potion of mutation {unknown}
 q - 2 potions of lignification {unknown}
 v - a potion of magic {unknown}
 A - a potion of resistance {unknown}
 E - a potion of haste {unknown}
 L - 2 potions of cancellation {unknown}
 N - 3 potions of invisibility {unknown}
Miscellaneous
 a - a phantom mirror


   Skills:
 - Level 7.3 Fighting
 - Level 7.2 Dodging
 - Level 2.6 Shields
 - Level 14.4 Unarmed Combat
 + Level 8.0 Invocations


You had 11 spell levels left.
You didn't know any spells.
Your spell library contained the following spells:

 Spells                   Type           Power      Damage    Failure   Level
 Summon Ice Beast         Ice/Summ       0%         N/A       98%         3
 Tukima's Dance           Hex            0%         N/A       98%         3
 Volatile Blastmotes      Fire/Tloc      0%         2d10      98%         3
 Fulminant Prism          Conj/Alch      0%         3d5       100%        4
 Iskenderun's Mystic Bla  Conj/Tloc      0%         2d3       100%        4
 Passage of Golubria      Tloc           0%         N/A       100%        4
 Summon Mana Viper        Hex/Summ       0%         N/A       100%        5
 Yara's Violent Unravell  Hex/Alch       0%         3d3       100%        5
 Monstrous Menagerie      Summ           0%         N/A       100%        7


Dungeon Overview and Level Annotations

Branches:
Dungeon (11/15)            Temple (0/1) D:5            Lair (2/5) D:9
  Swamp: Lair:2-3    Shoals: Lair:2-3     Snake: Lair:2-3    Spider: Lair:2-3
    Orc: D:9-12

Altars:
Ashenzari
Cheibriados
Fedhas
Gozag
Makhleb
Nemelex Xobeh
Uskayaw
Yredelemnul

Shops:
D:3 =   D:4 =   D:10 *

Annotations:
D:3 1 runed translucent door, Crazy Yiuf
D:9 exclusion: downstairs


Innate Abilities, Weirdness & Mutations

You are too large for most types of armour.
You have claws for hands.
Your natural rate of healing is unusually fast.
You are covered in fur. (AC +1)
You have tough skin. (AC +1)


Message History

You closely miss the water moccasin.
The water moccasin is severely wounded.
You feel very sick. The water moccasin closely misses you.
You closely miss the water moccasin.
The water moccasin is severely wounded.
You feel very sick. The water moccasin barely misses you.
The blink frog blinks!
The water moccasin barely misses you.
You mangle the water moccasin!!
You kill the water moccasin!
Makhleb accepts your kill.
You feel very sick.
You scratch the komodo dragon.
The komodo dragon is lightly wounded.
You feel very sick. The cane toad barely misses you.
The komodo dragon bites you.
You scratch the komodo dragon.
The komodo dragon is lightly wounded.
You feel sick. The cane toad stings you!
You are more poisoned.
The cane toad poisons you! The komodo dragon bites you!!
* * * LOW HITPOINT WARNING * * *
You are too injured to fight recklessly!
You are too injured to fight recklessly!
You are too injured to fight recklessly!
You are too injured to fight recklessly!
You are too injured to fight recklessly!
You are too injured to fight recklessly!
You are too injured to fight recklessly!
You are too injured to fight recklessly!
You are too injured to fight recklessly!
You are too injured to fight recklessly!
You are too injured to fight recklessly!
You are too injured to fight recklessly!
You feel extremely sick. The cane toad stings you!
* * * LOW HITPOINT WARNING * * *
The komodo dragon bites you!!
You die...

.! ##.. #...#
(..# . ...# F.
#..## ... #...###
§.. #.l.## l.#
#@F#.##...#
#..##..<.###
....##.†.....#
...####....8....#
.. #.....###...#
#...#### #...#
#...# #... #....
... ..... ..


You could see a komodo dragon and a cane toad.

Vanquished Creatures
  A centaur warrior (D:9)
  2 two-headed ogres
  A boulder beetle (D:11)
  A skyshark (Lair:2)
  Pikel (D:5)
  Maurice (D:7)
  2 cane toads (Lair:1)
  An unseen horror (D:11)
  2 komodo dragons (Lair:1)
  A troll (D:8)
  2 hornets
  Prince Ribbit (D:5)
  Grinder (D:3)
  2 wyverns (D:9)
  41 yaks
  2 wraiths
  A steam dragon (D:9)
  3 basilisks
  An acid dragon (D:9)
  6 water moccasins
  4 orc warriors
  4 ice beasts
  6 black bears
  4 centaurs
  2 phantoms
  3 kobold brigands
  4 bullfrogs
  4 scorpions
  3 wights (D:8)
  3 killer bees (D:9)
  5 howler monkeys
  15 electric eels
  3 bombardier beetles
  2 jellies
  3 hounds
  3 orc priests
  3 sleepcaps
  8 iguanas
  8 orc wizards
  3 adders
  7 gnolls
  3 shadow imps
  A white imp (D:5)
  3 dart slugs (D:1)
  25 orcs
  A ball python (D:4)
  5 bats
  8 endoplasms
  3 giant cockroaches
  2 goblins
  5 hobgoblins
  4 jackals
  16 kobolds
  7 quokkas
  15 frilled lizards
  3 rats
271 creatures vanquished.

Notes
Turn   | Place    | Note
-------+----------+-------------------------------------------
     0 | D:1      | gregwegmann the Troll Fighter began the quest for the Orb.
     0 | D:1      | Reached XP level 1. HP: 22/22 MP: 0/0
   436 | D:1      | Reached XP level 2. HP: 29/29 MP: 1/1
   620 | D:1      | Reached skill level 3 in Unarmed Combat
   842 | D:1      | Reached XP level 3. HP: 36/36 MP: 2/2
  1095 | D:2      | Found a burning altar of Makhleb.
  1108 | D:2      | Became a worshipper of Makhleb the Destroyer
  1267 | D:2      | Reached skill level 4 in Unarmed Combat
  1274 | D:2      | Reached XP level 4. HP: 20/44 MP: 3/3
  1436 | D:2      | Identified the ring "Beteanol" {Fly rC- Will+ Dex+3 Stlth+}
  1622 | D:3      | Found Qiufar's Jewellery Shoppe.
  1699 | D:3      | Reached * piety under Makhleb
  1711 | D:3      | Found a broken altar of Ashenzari.
  2048 | D:3      | Noticed Grinder
  2083 | D:3      | Killed Grinder
  2084 | D:3      | Reached skill level 6 in Unarmed Combat
  2084 | D:3      | Reached XP level 5. HP: 33/50 MP: 4/4
  2084 | D:3      | Reached XP level 6. HP: 39/59 MP: 5/5
  2635 | D:3      | Found a runed translucent door.
  2636 | D:3      | Noticed Crazy Yiuf
  2988 | D:4      | Reached skill level 7 in Unarmed Combat
  3169 | D:4      | Found Lekko's Jewellery Shop.
  3461 | D:5      | Entered Level 5 of the Dungeon
  3466 | D:5      | Reached XP level 7. HP: 66/66 MP: 6/6
  3502 | D:5      | Reached skill level 8 in Unarmed Combat
  3742 | D:5      | Found a staircase to the Ecumenical Temple.
  3745 | D:5      | Noticed Pikel
  3778 | D:5      | Killed Pikel
  3779 | D:5      | Reached skill level 10 in Unarmed Combat
  3779 | D:5      | Reached XP level 8. HP: 40/74 MP: 7/7
  3842 | D:5      | Reached ** piety under Makhleb
  4041 | D:5      | Reached skill level 11 in Unarmed Combat
  4282 | D:5      | Noticed Prince Ribbit
  4296 | D:5      | Killed Prince Ribbit
  4401 | D:5      | Reached XP level 9. HP: 80/80 MP: 8/8
  4511 | D:5      | Reached skill level 12 in Unarmed Combat
  4750 | D:6      | Found a basalt altar of Yredelemnul.
  5443 | D:7      | Paralysed by a hornet for 3 turns
  5629 | D:7      | Noticed a two-headed ogre
  5635 | D:7      | Killed a two-headed ogre
  5723 | D:7      | Noticed Maurice
  5730 | D:7      | Something stole 316 gold
  5733 | D:7      | Something stole an amulet of reflection
  5737 | D:7      | Something stole 7 large rocks
  5783 | D:7      | Killed Maurice
  6337 | D:7      | Reached XP level 10. HP: 60/94 MP: 9/9
  6684 | D:8      | Reached skill level 13 in Unarmed Combat
  6838 | D:8      | Reached *** piety under Makhleb
  7122 | D:8      | Reached skill level 5 in Fighting
  7125 | D:8      | Reached skill level 5 in Dodging
  7645 | D:8      | Found a hide-covered altar of Uskayaw.
  8308 | D:9      | Reached **** piety under Makhleb
  8487 | D:9      | Found a staircase to the Lair.
  8606 | D:9      | Reached XP level 11. HP: 64/106 MP: 2/10
  8959 | D:9      | Noticed a two-headed ogre
  8975 | D:9      | Killed a two-headed ogre
  8976 | D:9      | Reached skill level 14 in Unarmed Combat
  8996 | D:9      | Noticed a centaur warrior
  9008 | D:9      | Killed a centaur warrior
  9962 | D:9      | HP: 4/107 [electric eel/bolt of electricity (6)]
 10307 | D:10     | Entered Level 10 of the Dungeon
 10417 | D:10     | Found a sparkling altar of Nemelex Xobeh.
 10420 | D:10     | Found a burning altar of Makhleb.
 10440 | D:10     | Found an opulent altar of Gozag.
 10443 | D:10     | Found a blossoming altar of Fedhas.
 10517 | D:10     | Found Lufa's Changing Room.
 10550 | D:10     | Reached ***** piety under Makhleb
 11259 | D:10     | Found a snail-covered altar of Cheibriados.
 11595 | D:11     | Reached skill level 1 in Invocations
 11694 | D:11     | Noticed a boulder beetle
 11718 | D:11     | Killed a boulder beetle
 11881 | Lair:1   | Entered Level 1 of the Lair of Beasts
 11913 | Lair:1   | Reached skill level 5 in Invocations
 12031 | Lair:1   | Reached XP level 12. HP: 117/118 MP: 15/15
 12829 | D:3      | Bought an amulet of faith for 440 gold pieces
 13036 | Lair:2   | Demolished by a komodo dragon

Illustrated notes

Levels and vault maps discovered:
D:1:      onia_arrival_mini_maze, layout_basic, serial_curves, eino_curves_02,
          eino_curves_02, minmay_lizard_king
D:2:      minmay_kobold_bridge, layout_basic, basic_altar
D:3:      layout_basic, nicolae_ashenzari_panopticon, serial_shops, shop,
          minmay_liquid_box, nicolae_underground_beach, uniq_crazy_yiuf_cottage,
          uniq_grinder
D:4:      layout_loops_ring, serial_shops, shop
D:5:      minmay_razor_zed, layout_loops_ring, minmay_temple_entry_sparse_star,
          minmay_bent, uniq_pikel, uniq_prince_ribbit1
D:6:      layout_basic, mainiacjoe_overflow_surrounded_room
D:7:      layout_layer_cave, dk_noncrumbling_2, uniq_maurice
D:8:      layout_loops_corners, nicolae_uskayaw_dance_studio
D:9:      cheibrodos_two_vegetables, layout_layer_cave, minmay_lair_entry_grove
D:10:     layout_basic, grunt_temple_overflow_cloverleaf, slow_altar_2,
          serial_corexii_hall, corexii_hall_statues_deadend,
          corexii_hall_statues_s, nicolae_transmutations_shop
D:11:     layout_stronghold, erik_orc_1
Lair:1:   layout_regular_city, lemuel_fruit_tree, lemuel_fruit_fields
Lair:2:   layout_layer_cave, dummy_spider_entry, chequers_serial_rivers_micro_e,
          grunt_megastairs_5, uniq_nergalle, uniq_harold

Skill      XL: |  1  2  3  4  5  6  7  8  9 10 11 12 |
---------------+-------------------------------------+-----
Unarmed Combat | 3 4 6 7 10 11 12 13 14 | 14.4
Fighting       | 4 6 7 |  7.3
Dodging        | 4 6 7 |  7.2
Invocations    | 6 8 |  8.0
Shields        | |  2.6

Action                     |  1- 3 |  4- 6 |  7- 9 | 10-12 || total
---------------------------+-------+-------+-------+-------++-------
  Melee: Unarmed           |    86 |    90 |   165 |   472 ||   813
  Throw: Large rock        |       |       |    13 |    15 ||    28
         Throwing net      |       |       |       |     1 ||     1
    Use: Scroll            |       |     1 |     1 |    10 ||    12
         Potion            |       |       |     2 |     4 ||     6
   Stab: Sleeping          |       |     9 |     5 |     3 ||    17
         Distracted        |       |       |     1 |     1 ||     2
 Armour: Robe              |    39 |    40 |   119 |    11 ||   209
         Troll leather arm |       |       |       |   335 ||   335
  Dodge: Dodged            |    29 |    29 |    67 |   156 ||   281
  Block: Kite shield       |    25 |    18 |    55 |   213 ||   311
